 Dungeon Crawl Stone Soup version 0.26.1-10-gdfb7c7de75 (webtiles) character file.

Game seed: 6539092027189040964

341 GenialerGandalf the Chopper (level 6, -16/55 HPs)
             Began as a Hill Orc Fighter on Apr 3, 2021.
             Demolished by an ogre
             ... wielding a +0 giant club
              (18 damage)
             ... on level 4 of the Dungeon.
             The game lasted 00:16:44 (4894 turns).

GenialerGandalf the Chopper (Hill Orc Fighter)      Turns: 4894, Time: 00:16:45

Health: -16/55     AC:  7    Str: 21    XL:     6   Next: 56%
Magic:  6/6        EV:  8    Int:  8    God:
Gold:   252        SH:  9    Dex: 10    Spells: 5/5 levels left

rFire    . . .     SeeInvis .   a - +0 war axe
rCold    . . .     Faith    .   c - +0 kite shield
rNeg     . . .     Spirit   .   b - +0 scale mail
rPois    .         Reflect  .   (no helmet)
rElec    .         Harm     .   (no cloak)
rCorr    .         Rampage  .   (no gloves)
Will     .....                  (no boots)
Stlth    ..........             (no amulet)
HPRegen  0.18/turn              (no ring)
MPRegen  0.10/turn              (no ring)

@: no status effects
A: no striking features
a: no special abilities


You were on level 4 of the Dungeon.
You visited 1 branch of the dungeon, and saw 4 of its levels.

You collected 252 gold pieces.

Inventory:

Hand Weapons
 a - a +0 war axe (weapon)
 q - a +0 spear of venom
Missiles
 h - 78 stones (quivered)
 o - 8 datura-tipped darts
 t - 25 bolts
 w - 28 arrows
Armour
 b - a +0 scale mail (worn)
 c - a +0 kite shield (worn)
 i - a scarf of resistance
Jewellery
 s - a cursed amulet of inaccuracy {unknown}
 x - an uncursed amulet of regeneration {unknown}
Wands
 p - a wand of digging (4)
Scrolls
 e - a scroll of blinking {unknown}
 g - 2 scrolls of remove curse {unknown}
 l - 2 scrolls of noise {unknown}
 n - 2 scrolls of identify {unknown}
 r - 2 scrolls of enchant armour {unknown}
 y - a scroll of immolation {unknown}
 z - a scroll of magic mapping {unknown}
 A - a scroll of enchant weapon {unknown}
 B - a scroll of teleportation {unknown}
Potions
 d - a potion of might
 f - 5 potions of brilliance {unknown}
 j - 2 potions of ambrosia {unknown}
 k - a potion of magic {unknown}
 m - 2 potions of attraction {unknown}
 u - 4 potions of curing {unknown}
 v - a potion of lignification {unknown}


   Skills:
 + Level 4.8 Fighting
 + Level 5.8 Axes
 + Level 4.9 Armour
 + Level 1.2 Dodging
 + Level 0.3 Stealth
 + Level 3.9 Shields


You had 5 spell levels left.
You didn't know any spells.
Your spell library was empty.

Dungeon Overview and Level Annotations

Branches:
Dungeon (4/15)
 Temple: D:4-7

Altars:
Ashenzari
Cheibriados
Makhleb
Wu Jian
Yredelemnul


Message History

You hit the ogre.
The ogre is moderately wounded.
The ogre hits you with a +0 giant club!
You closely miss the ogre.
The ogre is moderately wounded.
You block the ogre's attack.
You slash the ogre!
The ogre is severely wounded.
The ogre hits you with a +0 giant club!!
You hit the ogre.
The ogre is severely wounded.
You block the ogre's attack.
You barely miss the ogre.
The ogre is severely wounded.
The ogre hits you with a +0 giant club!!
* * * LOW HITPOINT WARNING * * *
You hit the ogre.
The ogre is almost dead.
The ogre hits you with a +0 giant club!!
You die...

#....................#..#
#####....########....#'##
#....# #....#... #....#
#....'... #_...#
#....##+# #....#
#####.......# #....#
.#...........#
#....#..#...........#
#...@O..+............
#....#..#....########
#....####....#
###..........#
#..........# #
+..........# #..
#..........##+#####
#...###'##..............
#........#..............


You could see an ogre.

Vanquished Creatures
  A phantom (D:4)
  2 hounds (D:4)
  2 worker ants (D:4)
  8 adders
  An ooze (D:3)
  3 worms
  2 dart slugs
  3 leopard geckos
  A ball python (D:3)
  7 bats
  2 giant cockroaches
  6 goblins
  6 hobgoblins
  5 jackals
  4 frilled lizards
  A jackal skeleton (D:4)
  5 kobolds
  10 rats
69 creatures vanquished.

Vanquished Creatures (others)
  128 plants (D:1)
128 creatures vanquished.

Grand Total: 197 creatures vanquished

Notes
Turn   | Place    | Note
-------+----------+-------------------------------------------
     0 | D:1      | GenialerGandalf the Hill Orc Fighter began the quest for
                  | the Orb.
     0 | D:1      | Reached XP level 1. HP: 19/19 MP: 1/1
   828 | D:1      | Reached XP level 2. HP: 27/27 MP: 2/2
  1633 | D:2      | Reached skill level 3 in Axes
  1646 | D:2      | Reached XP level 3. HP: 29/33 MP: 3/3
  1733 | D:2      | Found an ornate altar of the Wu Jian Council.
  1875 | D:2      | Reached XP level 4. HP: 7/40 MP: 4/4
  2455 | D:2      | Reached skill level 4 in Axes
  2928 | D:3      | Reached skill level 1 in Dodging
  3079 | D:3      | Reached XP level 5. HP: 47/47 MP: 5/5
  4185 | D:4      | Found a burning altar of Makhleb.
  4237 | D:4      | Found a snail-covered altar of Cheibriados.
  4247 | D:4      | Noticed a phantom
  4284 | D:4      | Killed a phantom
  4285 | D:4      | Reached skill level 5 in Axes
  4285 | D:4      | Reached XP level 6. HP: 27/55 MP: 6/6
  4490 | D:4      | Found a broken altar of Ashenzari.
  4658 | D:4      | Found a basalt altar of Yredelemnul.
  4893 | D:4      | HP: 2/55 [ogre/+0 giant club (26)]
  4894 | D:4      | Demolished by an ogre

Illustrated notes

Levels and vault maps discovered:
D:1:      roderic_crop_circles_arrival_small, layout_basic, serial_forest,
          infiniplex_forest_end_1, infiniplex_forest_clump_curved,
          infiniplex_forest_lined_2, infiniplex_forest_lined_room_2,
          infiniplex_forest_straight_3, infiniplex_forest_split
D:2:      layout_loops_ring, nzn_wu_jian_council_hall
D:3:      layout_basic
D:4:      layout_gridville, overflow_temple_1_default, lemuel_round_altar,
          nicolae_overflow_hidden_temple, makhleb_heckhound_becter

Skill      XL: |  1  2  3  4  5 |
---------------+----------------+-----
Fighting       | 4 |  4.8
Axes           | 3 4 5 |  5.8
Dodging        | 1 |  1.2
Armour         | 4 |  4.9
Stealth        | |  0.3
Shields        | |  3.9

Action                   |  1- 3 |  4- 6 || total
-------------------------+-------+-------++-------
Melee: War axe           |   258 |   170 ||   428
Armor: Scale mail        |   103 |    73 ||   176
Dodge: Dodged            |    62 |    48 ||   110
Block: Kite shield       |   110 |    77 ||   187
